 Dungeon Crawl Stone Soup version 0.27-a0-1136-g0b992a5a9d (webtiles) character file.

Game seed: 419284658350940828

574476 robertstho the Conqueror (level 25, 0/257 HPs)
             Began as a Minotaur Berserker on May 5, 2021.
             Was the Champion of Trog.
             Slain by an azure jelly (9 damage)
             ... created by the Royal Jelly
             ... on level 5 of the Pits of Slime.
             The game lasted 01:51:08 (56209 turns).

robertstho the Conqueror (Minotaur Berserker)      Turns: 56209, Time: 01:51:09

Health: 0/257      AC: 14    Str: 39    XL:     25   Next: 74%
Magic:  29/29      EV: 18    Int: 12    God:    Trog [******]
Gold:   4928       SH:  0    Dex: 17    Spells: 24/24 levels left

rFire    + . .     SeeInvis .   S - +10 broad axe "Hokhoinu" {vamp, rElec rC+ Will- Str+2}
rCold    + + .     Faith    .   p - +0 tower shield {AC+3}
rNeg     . . .     Spirit   .   m - +3 plate armour {rC+}
rPois    +         Reflect  .   e - +3 hat of Pondering {ponderous, Will+ MP+10 Int+5}
rElec    +         Harm     .   F - scarf {+Inv}
rCorr    +         Rampage  .   J - +2 pair of gloves {Dex+3}
Will     .....     Rnd*Rage +   v - +1 pair of boots of the Devil {rPois Regen+ Dex+4}
Stlth    ..........             L - amulet of the Air {Inacc Fly rElec EV+5 RMsl}
HPRegen  1.52/turn              N - ring of Yczuej {rElec rF+ Will- Str+6}
MPRegen  0.21/turn              X - ring of resist corrosion

@: confused, corroded, unable to read, on berserk cooldown, flying, slowed,
studying 2 skills, repel missiles, very slow
A: horns 2, retaliatory headbutt, beak, talons 1, berserk 2, clever 1, clumsy 1,
deterioration 1, low mp 1, screaming 2, inability to read while threatened,
sturdy frame 1
}: 3/15 runes: decaying, silver, gossamer
a: Renounce Religion, Evoke Invisibility, Berserk, Trog's Hand, Brothers in Arms


You were on level 5 of the Pits of Slime.
You worshipped Trog.
Trog was exalted by your worship.
You visited 9 branches of the dungeon, and saw 49 of its levels.
You visited the Abyss 3 times.
You also visited: Ossuary and Ice Cave.

You collected 6875 gold pieces.
You spent 1947 gold pieces at shops.

Inventory:

Hand Weapons
 h - the +8 frozen axe "Frostbite" {freezing cloud, *Noise Fly rC+}
   (You found it on level 5 of the Vaults)

   It has been specially enchanted to freeze those struck by it, causing extra
   injury to most foes and up to half again as much damage against particularly
   susceptible opponents.
   It can also slow down cold-blooded creatures.
   It protects you from cold.
   It grants you flight.
   It may make noises in combat.
 S - the +10 broad axe "Hokhoinu" (weapon) {vamp, rElec rC+ Will- Str+2}
   (You acquired it on level 5 of the Lair of Beasts)

   It inflicts no extra harm, but heals its wielder when it wounds a living foe.
   It affects your strength (+2).
   It protects you from cold.
   It insulates you from electricity.
   It decreases your willpower.
Armour
 e - the +3 hat of Pondering (worn) {ponderous, Will+ MP+10 Int+5}
   (You bought it in a shop on level 15 of the Dungeon)

   It affects your intelligence (+5).
   It affects your magic capacity (+10).
   It increases your willpower.
 m - a +3 plate armour of cold resistance (worn)
 p - a +0 tower shield of protection (worn)
 v - the +1 pair of boots of the Devil (worn) {rPois Regen+ Dex+4}
   (You bought it in a shop on level 2 of the Orcish Mines)

   It affects your dexterity (+4).
   It protects you from poison.
   It increases your rate of health regeneration.
 F - a scarf of invisibility (worn)
 J - a +2 pair of gloves of dexterity (worn)
 Q - a +0 kite shield of cold resistance
Jewellery
 c - a ring of protection from cold
 s - a ring of see invisible
 y - an amulet of regeneration
 E - a ring of protection from fire
 I - the ring "Ylutixa" {Ice Int+2}
   (You took it off a vampire knight on level 4 of the Depths)

   [ring of ice]

   It enhances your ice magic.
   It affects your intelligence (+2).
   It makes you vulnerable to fire.
   It protects you from cold.
 L - the amulet of the Air (around neck) {Inacc Fly rElec EV+5 RMsl}
   (You bought it in a shop on level 1 of the Dungeon)

   [amulet of nothing]

   It affects your evasion (+5).
   It insulates you from electricity.
   It grants you flight.
   It protects you from missiles.
 M - the ring "Zuoduts" {rPois AC+4}
   (You found it on level 1 of the Orcish Mines)

   [ring of protection]

   It affects your AC (+4).
   It protects you from poison.
 N - the ring of Yczuej (left hand) {rElec rF+ Will- Str+6}
   (You found it on level 12 of the Dungeon)

   [ring of strength]

   It affects your strength (+6).
   It protects you from fire.
   It insulates you from electricity.
   It decreases your willpower.
 R - a ring of positive energy
 T - a ring of willpower
 X - a ring of resist corrosion (right hand)
 Z - a ring of willpower
Wands
 a - a wand of iceblast (42)
 x - a wand of acid (14)
 U - a wand of mindburst (8)
 W - a wand of digging (13)
Scrolls
 b - 4 scrolls of fog
 d - 17 scrolls of identify
 f - 5 scrolls of blinking
 g - 23 scrolls of teleportation
 k - 11 scrolls of immolation
 n - a scroll of summoning
 o - 7 scrolls of enchant armour
 u - 4 scrolls of fear
 w - 5 scrolls of holy word
 C - 10 scrolls of silence
 O - 5 scrolls of enchant weapon
 Y - 8 scrolls of magic mapping
Potions
 i - 12 potions of ambrosia
 j - 5 potions of heal wounds
 l - 11 potions of mutation
 t - 10 potions of haste
 z - 15 potions of curing
 A - 12 potions of resistance
 B - 12 potions of attraction
 D - 2 potions of invisibility
 G - 4 potions of magic
 H - 6 potions of cancellation
 K - 6 potions of might
Miscellaneous
 q - a box of beasts
 r - a condenser vane
 V - a phantom mirror


   Skills:
 O Level 27 Fighting
 O Level 27 Axes
 * Level 26.2 Armour
 + Level 7.2 Dodging
 + Level 3.1 Stealth
 + Level 22.6 Shields
 + Level 0.7 Evocations


You had 24 spell levels left.
You didn't know any spells.
Your spell library was empty.

Dungeon Overview and Level Annotations

Branches:
Dungeon (15/15)            Temple (0/1) D:4            Lair (6/6) D:9
  Swamp (4/4) Lair:3       Spider (4/4) Lair:2        Slime (5/5) Lair:6
    Orc (2/2) D:9             Elf (3/3) Orc:2        Vaults (5/5) D:13
  Crypt (0/3) Vaults:3     Depths (5/5) D:15        Ossuary (visited)
  IceCv (visited)
    Zot: Depths:5

Altars:
Cheibriados
Gozag
Kikubaaqudgha
Okawaru
Qazlal
Ru
Sif Muna
Trog
Wu Jian
Yredelemnul
Zin
Beogh

Shops:
D:1 =   D:6 :   D:15 [   Orc:1 (   Orc:2 *(([   Elf:1 [   Vaults:4 *
Depths:1 (   Depths:5 [

Portals:
Hell: Depths:1 Depths:2 Depths:3 Depths:4
Abyss: Depths:1 Depths:4
Pandemonium: Depths:3
Ziggurat: Depths:4
Trove: Vaults:2 (show abyssal rune of Zot)

Annotations:
Slime:5 Royal Jelly
Elf:2 2 transporters, Pouserri's ghost, adept GnIE


Innate Abilities, Weirdness & Mutations

You have a pair of horns on your head.
You reflexively headbutt those who attack you in melee.
You have a beak for a mouth.
You have sharp toenails.
You often lose your temper in combat.
Your mind is acute. (Int +2)
You are clumsy. (Dex -2)
Your body sometimes deteriorates upon taking damage.
Your magical capacity is low. (-10% MP)
You frequently scream uncontrollably at your foes.
You sometimes lose the ability to read scrolls when taking damage.
Your movements are slightly less encumbered by armour. (ER -2)


Message History

The acid blob dies!
The golden eye blinks at you. You resist with almost no effort.
The golden eye blinks at you.
You are more confused.
Your slime creature hits the large slime creature!
The acid blob spits acid at you. The splash of acid hits you. You resist.
* * * LOW HITPOINT WARNING * * *
You are splashed with acid.
You resist.
* * * LOW HITPOINT WARNING * * *
Your slime creature closely misses the azure jelly.
You feel much better. The azure jelly closely misses you.
The azure jelly barely misses you.
The azure jelly hits you but does no damage. x2
The rockslime hits you but does no damage.
The golden eye blinks at you.
You are more confused.
The acid blob hits your slime creature!!
Your slime creature is splashed with acid!
Your slime creature seems to be corroded for longer.
The golden eye blinks! x2
The large slime creature hits your very large slime creature!!!
The glowing orange brain pulsates.
You are more confused.
Your slime creature resists with almost no effort.
Your slime creature appears confused.
Your stone giant resists with almost no effort.
Your very large slime creature appears confused.
Your slime creature appears confused.
Your shining eye appears confused.
Your rockslime easily resists.
The acid blob spits acid at you. The splash of acid hits you! You resist.
* * * LOW HITPOINT WARNING * * *
You are splashed with acid!
You resist.
* * * LOW HITPOINT WARNING * * *
The azure jelly misses you. The azure jelly hits you.
* * * LOW HITPOINT WARNING * * *
The azure jelly freezes you! You resist.
You die...

................
.................
............§....
......GG.........
.......§G........
......JJJ..G.....
.....GJJGJ.......
.....JJJJJG......
......J@JJ.......
......J.JG.......
###...JGC........
##............#
##.####...#.## ##
.#.# # ####


You could see the Royal Jelly, 4 acid blobs, 2 azure jellies, a great orb of
eyes, an enormous slime creature, a very large slime creature, a large slime
creature (ally target), a slime creature, a rockslime (ally target), a shining
eye, a glowing orange brain, 5 golden eyes, a friendly stone giant (summoned,
berserk), a friendly very large slime creature (summoned, confused), 3 friendly
slime creatures, a friendly rockslime (summoned) and a friendly shining eye
(summoned, confused).

Vanquished Creatures
  2 dread liches (Vaults:5)
  Sojobo (Vaults:5)
  Saint Roka (Orc:2)
  Margery (Vaults:2)
  2 golden dragons
  Arachne (Spider:3)
  Jory (Vaults:4)
  2 bone dragons (Abyss:2)
  6 tentacled monstrosities
  The ghost of Xafer the Impaler, an adept DsGl of Okawaru (Vaults:4)
  7 titans
  2 liches
  2 deep elf blademasters (Elf:3)
  5 acid blobs
  2 deep elf master archers (Elf:3)
  A thorn hunter (Swamp:4)
  6 tentacled starspawn (Abyss:2)
  5 sphinxes
  7 shadow dragons (Vaults:5)
  4 storm dragons
  Frances (Swamp:2)
  Kirke (D:15)
  Roxanne (D:15)
  Donald (Vaults:2)
  5 tengu reavers
  A draconian monk (Abyss:2)
  5 rockslimes
  2 fenstrider witches (Swamp:3)
  4 azure jellies
  7 fire giants
  The ghost of jasper the Basher, a journeyman DsDe of Jiyva (Orc:2)
  A balrug (Depths:1)
  22 vault wardens
  17 frost giants
  2 orc warlords
  A draconian scorcher (Abyss:2)
  4 ghost moths
  4 deep elf sorcerers
  3 cacodemons
  5 emperor scorpions
  3 deep elf elementalists (Elf:3)
  2 quicksilver oozes
  2 juggernaut skeletons (Depths:3)
  4 war gargoyles (Vaults:4)
  19 stone giants
  A quicksilver ooze (shapeshifter) (Vaults:5)
  16 ironbound preservers
  32 very ugly things
  3 deep elf demonologists (Elf:3)
  7 vampire knights
  6 deep elf annihilators
  The ghost of Dootley the Carver, a journeyman FoFi of Dithmenos (Orc:1)
  4 bunyips
  Azrael (Spider:2)
  A lorocyproca (Abyss:2)
  3 entropy weavers
  A dire elephant (D:15)
  5 spark wasps
  7 eleionomae
  2 crystal guardians (Vaults:4)
  A quicksilver dragon zombie (Depths:3)
  12 ettins
  2 deep elf death magi (Elf:3)
  13 yaktaur captains
  4 jiangshi (Depths:2)
  A green death (Abyss:2)
  6 fire dragons
  4 deep elf high priests
  3 shambling mangroves
  3 rakshasas
  13 great orbs of eyes
  A quicksilver dragon skeleton (Depths:3)
  27 vault guards
  5 boulder beetles
  22 hydras
  6 ironbound thunderhulks
  3 peacekeepers
  3 spriggan air magi
  A hell beast (Depths:3)
  7 ironbound frosthearts
  2 ghost crabs
  7 ice dragons
  Harold (D:11)
  A death knight (D:14)
  17 centaur warriors
  8 deep troll earth magi
  11 deep troll shamans
  7 alligators
  13 two-headed ogres
  23 dancing weapons
  10 death yaks
  An alligator (shapeshifter) (Vaults:5)
  3 orc high priests
  6 tengu warriors
  A titan zombie (Vaults:4)
  Urug (Lair:2)
  5 hell hogs
  5 vampire magi (Depths:2)
  6 ironbound beastmasters
  2 spriggan berserkers (Swamp:4)
  7 hell knights
  A sun demon (Depths:3)
  7 thrashing horrors (Abyss:2)
  19 deep elf knights
  A titan skeleton (Depths:3)
  Sonja (D:13)
  25 skeletal warriors
  6 wretched stars (Abyss:2)
  8 iron trolls
  2 sea snakes (shapeshifter)
  A death drake (shapeshifter) (Vaults:4)
  4 spatial maelstroms (Abyss:2)
  2 goliath frogs (Swamp:1)
  2 flayed ghosts
  9 swamp dragons
  55 deep trolls
  A storm dragon skeleton (Depths:3)
  A glowing orange brain (shapeshifter) (Vaults:5)
  8 wizards
  A quicksilver dragon simulacrum (Abyss:2)
  A spriggan druid (Swamp:3)
  9 glowing orange brains
  A golden dragon skeleton (Depths:3)
  7 orc knights
  12 deep elf archers
  11 bog bodies
  12 lindwurms
  33 deep elf pyromancers
  27 deep elf zephyrmancers
  A fire giant zombie (Depths:2)
  A shadow dragon zombie (Vaults:4)
  A tengu skeleton (Depths:3)
  A tengu zombie (Depths:3)
  19 large abominations (Abyss:2)
  A harpy (shapeshifter) (Vaults:5)
  4 necromancers
  20 orb spiders
  14 ironbound convokers
  10 phantasmal warriors
  44 ugly things
  A wolf spider (shapeshifter) (D:15)
  24 wolf spiders
  6 orc sorcerers
  5 shining eyes
  A stone giant zombie (Depths:1)
  6 frost giant zombies (Depths:2)
  7 manticores
  4 will-o-the-wisps
  3 worldbinders (Abyss:2)
  3 frost giant skeletons (Depths:3)
  A moth of wrath (Spider:4)
  3 cyclopes
  A black mamba (shapeshifter) (Vaults:5)
  2 iron dragon skeletons (Depths:3)
  2 ice statues (IceCv)
  A naga mage (D:15)
  2 apocalypse crabs (Abyss:2)
  A sphinx skeleton (Depths:3)
  A torpor snail (shapeshifter) (Vaults:5)
  A guardian serpent (Abyss:2)
  8 black mambas
  13 vault sentinels
  4 orange demons
  2 spriggan skeletons (Depths:3)
  4 smoke demons (Abyss:2)
  3 torpor snails
  2 eyes of devastation
  17 cane toads
  13 elephants
  6 freezing wraiths
  A hellion (Abyss:2)
  An unseen horror (shapeshifter) (D:15)
  2 rime drakes
  An unseen horror (Abyss:2)
  2 efreet (Abyss:2)
  A hellwing (Abyss:2)
  8 tengu conjurers
  An anaconda simulacrum (Abyss:2)
  52 yaktaurs
  5 komodo dragons
  3 ancient zymes (Abyss:2)
  6 meliai
  A merfolk (shapeshifter) (Vaults:4)
  2 queen bees (shapeshifter)
  A troll (shapeshifter) (Vaults:1)
  9 trolls
  26 jumping spiders
  18 demonic crawlers
  19 polar bears
  4 tyrant leeches
  26 raiju
  15 hornets
  5 blink frogs (Lair:6)
  A spriggan zombie (Depths:1)
  94 slime creatures
  A human simulacrum (Vaults:4)
  14 dream sheep
  A wraith (D:11)
  2 air elementals (Elf:1)
  18 flying skulls
  16 spriggans
  A spriggan (shapeshifter) (Vaults:4)
  3 wyverns
  67 redbacks
  An ettin skeleton (Depths:1)
  9 ynoxinuls (Abyss:2)
  35 tarantellas
  9 water elementals
  4 fire elementals (Spider:2)
  A shadow (Abyss:2)
  52 yaks
  13 humans
  A black mamba skeleton (Abyss:2)
  3 neqoxecs (Abyss:2)
  5 chaos spawn (Abyss:2)
  A hog (shapeshifter) (D:14)
  2 hogs (D:15)
  15 vampire mosquitoes
  2 steam dragons (D:10)
  6 basilisks
  16 swamp worms
  7 spatial vortices (Abyss:2)
  A swamp worm (shapeshifter) (Depths:3)
  2 acid dragons
  12 water moccasins
  2 wargs (Orc:1)
  3 floating eyes
  A human skeleton (Depths:3)
  A floating eye (shapeshifter) (D:15)
  6 black bears
  11 hell hounds
  A swamp drake (shapeshifter) (Vaults:4)
  41 orc warriors
  20 small abominations (Abyss:2)
  2 necrophages (D:6)
  5 ice beasts
  13 swamp drakes
  A black bear (shapeshifter) (Vaults:5)
  5 boggarts (Lair:6)
  2 ice dragon simulacra
  41 wolves
  12 ogres
  A centaur (shapeshifter) (Vaults:4)
  A wolf (shapeshifter) (D:15)
  2 centaurs
  5 bullfrogs
  3 earth elementals (Elf:2)
  A scorpion (shapeshifter) (Vaults:5)
  2 scorpions
  2 wyvern zombies (D:6)
  A wyvern skeleton (D:6)
  A water moccasin zombie (D:7)
  2 water moccasin skeletons
  A spectral wolf (Depths:2)
  3 killer bees (D:8)
  2 electric eels
  7 centaur zombies
  4 howler monkeys
  12 starcursed masses (Abyss:2)
  2 bullfrog zombies
  3 hounds
  16 jellies
  5 quasits (Abyss:2)
  Crazy Yiuf (D:2)
  A human zombie (Ossuary)
  27 orc priests
  2 bullfrog skeletons (D:6)
  An iron imp (Abyss:2)
  Jessica (D:2)
  2 iguanas
  34 orc wizards
  7 hell rats (Lair:5)
  2 hound zombies
  A hound skeleton (D:4)
  A howler monkey zombie (D:6)
  3 mummies (Ossuary)
  7 gnolls
  8 adders
  3 shadow imps
  18 white imps
  3 ufetubi
  2 worms
  3 dart slugs
  118 orcs
  5 endoplasms
  6 giant cockroaches
  4 gnoll zombies (Ossuary)
  6 goblins
  11 hobgoblins
  6 jackals
  8 kobolds
  2 quokkas (D:2)
  12 ball pythons
  6 bats
  4 frilled lizards
  A goblin zombie (Ossuary)
  An orc zombie (Ossuary)
  5 rats
  A plant (Depths:3)
  6 starspawn tentacles (Abyss:2)
2267 creatures vanquished.

Vanquished Creatures (collateral kills)
  Jorgrun (Orc:2)
  An acid blob (Slime:5)
  2 azure jellies (Slime:5)
  An orc warlord (Orc:1)
  Nessos (D:13)
  4 hydras (Swamp:4)
  2 bog bodies (Swamp:4)
  4 ugly things (D:14)
  A torpor snail (Spider:4)
  A hornet (Swamp:4)
  A jumping spider (Spider:4)
  Prince Ribbit (D:9)
  A spriggan (Swamp:4)
  3 humans (D:13)
  A wraith (D:13)
  A swamp drake (Swamp:4)
  6 orc warriors
  An ogre (Orc:2)
  2 orc priests
  2 orc wizards
  2 gnolls (Orc:1)
  5 orcs
44 creatures vanquished.

Vanquished Creatures (others)
  A dread lich (Vaults:5)
  A vault warden (Vaults:5)
  A goliath frog (Swamp:4)
  2 wizards
  A phantasmal warrior (Vaults:5)
  A deep elf zephyrmancer (Elf:1)
  A deep elf pyromancer (Elf:2)
  Maurice (D:9)
  A yaktaur (Vaults:3)
  A jumping spider (Spider:2)
  3 bloated husks
  A redback (Spider:2)
  A tarantella (Spider:2)
  4 humans (D:15)
  2 vampire mosquitoes (Swamp:2)
  A hell hound (Depths:2)
  4 briar patches (Swamp:4)
  6 foxfires
  15 fungi
  A lurking horror (Abyss:2)
  92 plants
  8 starspawn tentacles (Abyss:2)
149 creatures vanquished.

Grand Total: 2460 creatures vanquished

Notes
Turn   | Place    | Note
-------+----------+-------------------------------------------
     0 | D:1      | robertstho the Minotaur Berserker began the quest for the
                  | Orb.
     0 | D:1      | Reached XP level 1. HP: 19/19 MP: 0/0
   367 | D:1      | Reached XP level 2. HP: 27/27 MP: 1/1
   595 | D:1      | Found Qaqam's Jewellery Emporium.
   824 | D:1      | Reached XP level 3. HP: 33/34 MP: 2/2
  1146 | D:2      | Found a glowing silver altar of Zin.
  1227 | D:2      | Reached ** piety under Trog
  1361 | D:2      | Found a faded altar of an unknown god.
  1515 | D:2      | Found a runed translucent door.
  1516 | D:2      | Noticed Crazy Yiuf
  1643 | D:2      | Noticed Jessica
  1650 | D:2      | Killed Jessica
  1651 | D:2      | Reached XP level 4. HP: 41/41 MP: 3/3
  1876 | D:2      | Killed Crazy Yiuf
  1877 | D:2      | Reached skill level 1 in Shields
  2233 | D:3      | Reached XP level 5. HP: 47/47 MP: 4/4
  2595 | D:3      | Found a stormy altar of Qazlal.
  2608 | D:3      | Reached *** piety under Trog
  3112 | D:4      | Found an opulent altar of Gozag.
  3238 | D:4      | Found a staircase to the Ecumenical Temple.
  3521 | D:4      | Reached skill level 5 in Axes
  3579 | D:4      | Reached XP level 6. HP: 49/55 MP: 5/5
  3598 | D:4      | Reached skill level 5 in Fighting
  3956 | D:4      | Found a sacrificial altar of Ru.
  4361 | D:4      | Reached skill level 5 in Armour
  4361 | D:4      | Reached XP level 7. HP: 61/61 MP: 6/6
  4680 | D:5      | Entered Level 5 of the Dungeon
  5119 | D:5      | Reached skill level 5 in Shields
  5119 | D:5      | Reached XP level 8. HP: 64/70 MP: 7/7
  5410 | D:6      | Reached **** piety under Trog
  5994 | D:6      | Found Puwkye Nuat's Book Emporium.
  6141 | D:6      | Found an ornate altar of the Wu Jian Council.
  6319 | D:7      | Reached XP level 9. HP: 79/79 MP: 8/8
  6908 | D:7      | Reached skill level 10 in Axes
  7288 | D:8      | Reached ***** piety under Trog
  7320 | D:8      | Found an iron altar of Okawaru.
  7327 | D:8      | Found a sand-covered staircase.
  7332 | Ossuary  | Entered an ossuary
  8566 | D:9      | Reached XP level 10. HP: 77/88 MP: 9/9
  8566 | D:9      | Noticed Prince Ribbit
  8573 | D:9      | Killed Prince Ribbit
  8574 | D:9      | Found a staircase to the Orcish Mines.
  8951 | D:9      | Noticed an elephant
  8952 | D:9      | Found a staircase to the Lair.
  8972 | D:9      | Killed an elephant
  9155 | D:9      | Noticed Maurice
  9162 | D:9      | Paralysed by something for 7 turns
  9178 | D:9      | Paralysed by something for 4 turns
  9221 | D:9      | Killed Maurice
  9544 | D:9      | Reached skill level 10 in Armour
  9757 | D:9      | Noticed a two-headed ogre
  9764 | D:9      | Killed a two-headed ogre
 10290 | D:10     | Entered Level 10 of the Dungeon
 10392 | D:10     | Found a shimmering blue altar of Sif Muna.
 10680 | D:10     | Reached XP level 11. HP: 99/99 MP: 10/10
 11033 | D:11     | Noticed a skeletal warrior
 11063 | D:10     | Killed a skeletal warrior
 11064 | D:10     | Reached skill level 10 in Fighting
 11187 | D:11     | Noticed an eight-headed hydra
 11189 | D:11     | Noticed a two-headed ogre
 11189 | D:11     | Noticed a seven-headed hydra
 11193 | D:11     | Killed a six-headed hydra
 11197 | D:11     | Killed a four-headed hydra
 11202 | D:11     | Killed a two-headed ogre
 11261 | D:11     | Noticed Harold
 11273 | D:11     | Killed Harold
 11767 | D:11     | Noticed a boulder beetle
 11778 | D:11     | Killed a boulder beetle
 11899 | D:11     | Noticed a skeletal warrior
 11902 | D:11     | Noticed a skeletal warrior
 11912 | D:11     | Killed a skeletal warrior
 11915 | D:11     | Killed a skeletal warrior
 12312 | D:11     | Noticed a two-headed ogre
 12315 | D:11     | Killed a two-headed ogre
 12316 | D:11     | Reached XP level 12. HP: 110/110 MP: 11/11
 12406 | D:12     | Noticed a two-headed ogre
 12413 | D:12     | Killed a two-headed ogre
 12433 | D:12     | Noticed a boulder beetle
 12517 | D:12     | Killed a boulder beetle
 12645 | D:12     | Noticed a two-headed ogre
 12656 | D:12     | Killed a two-headed ogre
 12937 | D:12     | Noticed a two-headed ogre
 12945 | D:12     | Killed a two-headed ogre
 13011 | D:12     | Identified the ring of Yczuej {rElec rF+ Will- Str+6}
 13113 | D:13     | Found a gate to the Vaults.
 13113 | D:13     | Noticed a two-headed ogre
 13113 | D:13     | Noticed Nessos
 13117 | D:13     | Noticed a two-headed ogre
 13121 | D:13     | Identified the +4 quick blade of Somewhere Else {vorpal,
                  | *Rage +Blink rN+ Dex+5} (Trog gifted it to you on level 13
                  | of the Dungeon)
 13121 | D:13     | Received a gift from Trog
 13128 | D:12     | Killed a two-headed ogre
 13246 | D:13     | Noticed a centaur warrior
 13264 | D:13     | Killed a centaur warrior
 13297 | D:13     | Noticed a tengu warrior
 13307 | D:13     | Killed a tengu warrior
 13318 | D:13     | Reached XP level 13. HP: 100/122 MP: 12/12
 13463 | D:13     | Reached skill level 15 in Axes
 13565 | D:13     | Killed Nessos
 14194 | D:13     | Noticed Sonja
 14197 | D:13     | Killed Sonja
 14197 | D:13     | Received a gift from Trog
 14581 | D:14     | Reached skill level 15 in Armour
 15136 | D:14     | Reached XP level 14. HP: 133/133 MP: 13/13
 15308 | Lair:1   | Entered Level 1 of the Lair of Beasts
 16065 | Lair:2   | Received a gift from Trog
 16066 | Lair:2   | Reached skill level 15 in Fighting
 16496 | Lair:2   | Noticed Urug
 16498 | Lair:2   | Paralysed by Urug for 5 turns
 16504 | Lair:2   | Killed Urug
 16649 | Lair:2   | Found a hole to the Spider Nest.
 17895 | Lair:3   | Found a staircase to the Swamp.
 18143 | Lair:4   | Found a frozen archway.
 18160 | IceCv    | Entered an ice cave
 18704 | IceCv    | Noticed a frost giant
 18715 | IceCv    | Killed a frost giant
 18932 | IceCv    | Identified the +5 great mace "Pufoam Pimu" {spect, Drain
                  | rF- rCorr Int+10}
 18933 | IceCv    | Identified the +5 glaive of Impatience {elec, rElec rF++
                  | Str+3 Dex-4}
 19183 | Lair:4   | Received a gift from Trog
 19967 | Lair:4   | You fall into a shaft and drop 1 floor!
 20026 | Lair:5   | Reached XP level 15. HP: 82/144 MP: 14/14
 20428 | Lair:5   | Reached skill level 1 in Stealth
 20855 | Lair:5   | Identified a scroll of acquirement
 20856 | Lair:5   | Acquired the +10 broad axe "Hokhoinu" {vamp, rElec rC+
                  | Will- Str+2}
 22372 | Lair:6   | Entered Level 6 of the Lair of Beasts
 22874 | Lair:6   | Reached ****** piety under Trog
 23009 | Lair:6   | Received a gift from Trog
 23014 | Lair:6   | Paralysed by a hornet for 1 turns
 23562 | Lair:6   | Found a staircase to the Slime Pits.
 24407 | Orc:1    | Entered Level 1 of the Orcish Mines
 24958 | Orc:1    | Noticed an orc warlord
 24980 | Orc:1    | Killed an orc warlord
 25338 | Orc:1    | Found a runed translucent door.
 25450 | Orc:1    | Noticed Dootley's ghost (journeyman FoFi)
 25462 | Orc:1    | Killed Dootley's ghost
 25491 | Orc:1    | Identified the ring "Zuoduts" {rPois AC+4}
 25578 | Orc:2    | Entered Level 2 of the Orcish Mines
 25649 | Orc:2    | Noticed jasper's ghost (journeyman DsDe)
 25650 | Orc:2    | Found a transporter.
 25650 | Orc:2    | Identified the +8 great mace of Darkness {holy, rElec rF+}
 25650 | Orc:2    | Identified the +6 great mace of Xavuq {drain, *Noise rPois
                  | Int+4}
 25833 | Orc:2    | Reached skill level 10 in Shields
 25857 | Orc:2    | Found a staircase to the Elven Halls.
 26049 | Orc:2    | Received a gift from Trog
 26258 | Orc:2    | Found a transporter.
 26315 | Orc:2    | Noticed Jorgrun
 26327 | Orc:2    | Killed Jorgrun
 26699 | Orc:2    | Found Fiugusum's Antique Weapon Shoppe.
 26793 | Orc:2    | Found Wojuzusa's Assorted Antiques.
 26834 | Orc:2    | Bought a pair of ancient boots for 237 gold pieces
 26834 | Orc:2    | Identified the +1 pair of boots of the Devil {rPois Regen+
                  | Dex+4} (You bought it in a shop on level 2 of the Orcish
                  | Mines)
 26834 | Orc:2    | Bought a scroll of identify for 50 gold pieces
 26834 | Orc:2    | Bought a golden potion for 22 gold pieces
 26834 | Orc:2    | Bought a glowing ivory wand for 100 gold pieces
 26905 | Orc:2    | Noticed Saint Roka
 26965 | Orc:2    | Received a gift from Trog
 26967 | Orc:2    | Killed Saint Roka
 26968 | Orc:2    | Reached XP level 16. HP: 156/156 MP: 15/15
 27025 | Orc:2    | Found Vumanirr's Antique Weapon Shop.
 27027 | Orc:2    | Found Miotero's Antique Armour Boutique.
 27034 | Orc:2    | Bought an embroidered scarf for 264 gold pieces
 27122 | Orc:2    | Killed jasper's ghost
 27162 | Orc:1    | Found Potaxif's Antique Weapon Emporium.
 27336 | Orc:1    | Identified the +5 scimitar "Upratrin" {drain, +Blink rCorr
                  | SInv}
 27542 | D:15     | Entered Level 15 of the Dungeon
 27548 | D:15     | Noticed Kirke
 27555 | D:15     | Killed Kirke
 27723 | D:15     | Paralysed by an orc knight for 5 turns
 27837 | D:15     | Received a gift from Trog
 27868 | D:15     | Found Cheibriados's Comfort Zone.
 27868 | D:15     | Found a snail-covered altar of Cheibriados.
 27871 | D:15     | Identified Roxanne's Collected Works on the Rocks
 27871 | D:15     | Noticed Roxanne
 27887 | D:15     | Killed Roxanne
 27929 | D:15     | Bought the +3 hat of Pondering {ponderous, Will+ MP+10
                  | Int+5} for 571 gold pieces
 27929 | D:15     | Found the +3 hat of Pondering {ponderous, Will+ MP+10
                  | Int+5}
 28128 | D:15     | Found a staircase to the Depths.
 28396 | Swamp:1  | Entered Level 1 of the Swamp
 28449 | Swamp:1  | Identified the +8 whip of Excruciating Pain {elec, rN+
                  | Int+4}
 28702 | Swamp:1  | Noticed a tentacled monstrosity
 28713 | Swamp:1  | Killed a tentacled monstrosity
 28800 | Swamp:1  | Reached skill level 5 in Dodging
 28874 | Swamp:1  | Identified the +1 chain mail of the Gate {+Inv rC- Slay+3}
 29052 | Swamp:2  | Reached XP level 17. HP: 168/168 MP: 16/16
 29136 | Swamp:2  | Noticed Frances
 29150 | Swamp:2  | Killed Frances
 29348 | Swamp:2  | Received a gift from Trog
 29956 | Swamp:3  | Paralysed by a fenstrider witch for 7 turns
 30075 | Swamp:2  | Acquired a manual of Armour
 30706 | Swamp:4  | Entered Level 4 of the Swamp
 31221 | Swamp:4  | Received a gift from Trog
 31763 | Swamp:4  | Got a decaying rune of Zot
 32121 | Spider:1 | Entered Level 1 of the Spider Nest
 32307 | Spider:1 | Reached XP level 18. HP: 180/180 MP: 17/17
 32319 | Spider:1 | Received a gift from Trog
 32642 | Spider:2 | Noticed Azrael
 32657 | Spider:2 | Killed Azrael
 34153 | Spider:3 | Noticed Arachne
 34178 | Spider:3 | Killed Arachne
 34665 | Spider:4 | Entered Level 4 of the Spider Nest
 34746 | Spider:4 | Received a gift from Trog
 35446 | Spider:4 | Got a gossamer rune of Zot
 35789 | Vaults:1 | Entered Level 1 of the Vaults
 35802 | Vaults:1 | Received a gift from Trog
 35971 | Vaults:1 | Paralysed by a sphinx for 5 turns
 35978 | Vaults:1 | Reached XP level 19. HP: 158/191 MP: 18/18
 36477 | Vaults:1 | Cast into level 2 of the Abyss (a wizard)
 36606 | Abyss:2  | Received a gift from Trog
 36682 | Abyss:2  | Found a corrupted altar of Lugonu.
 36692 | Vaults:1 | Escaped the Abyss
 37459 | D:1      | Bought the amulet of the Air {Inacc Fly rElec EV+5 RMsl}
                  | for 703 gold pieces
 37459 | D:1      | Found the amulet of the Air {Inacc Fly rElec EV+5 RMsl}
 37767 | Vaults:2 | Cast into level 2 of the Abyss (a wizard)
 37800 | Abyss:2  | Found an opulent altar of Gozag.
 37917 | Abyss:2  | Gained mutation: You are dopey. (Int -2) [a cacodemon]
 38095 | Abyss:2  | Noticed a bone dragon
 38104 | Abyss:2  | Killed a bone dragon
 38107 | Vaults:2 | Escaped the Abyss
 38197 | Vaults:2 | Noticed Donald
 38206 | Vaults:2 | Killed Donald
 38375 | Vaults:2 | Noticed Margery
 38393 | Vaults:2 | Killed Margery
 38485 | Vaults:2 | Found a portal to a secret trove of treasure.
 38577 | Vaults:2 | Received a gift from Trog
 38743 | Vaults:2 | Paralysed by a great orb of eyes for 2 turns
 38809 | Vaults:2 | Reached XP level 20. HP: 204/204 MP: 19/19
 39215 | Vaults:3 | Received a gift from Trog
 39502 | Vaults:3 | Found a staircase to the Crypt.
 39502 | Vaults:3 | Found an ancient bone altar of Kikubaaqudgha.
 39502 | Vaults:3 | Found a basalt altar of Yredelemnul.
 39574 | Vaults:3 | Reached skill level 15 in Shields
 40468 | Vaults:4 | Received a gift from Trog
 40707 | Vaults:4 | Noticed Jory
 40719 | Vaults:4 | Killed Jory
 41046 | Vaults:4 | Received a gift from Trog
 41377 | Vaults:4 | Found Ocirocaeluf's General Store.
 41698 | Vaults:4 | Found a runed translucent gate.
 41698 | Vaults:4 | Found a runed translucent gate.
 41698 | Vaults:4 | Found a runed translucent gate.
 41858 | Vaults:4 | Reached XP level 21. HP: 215/215 MP: 20/20
 41886 | Vaults:4 | Found a runed translucent gate.
 41886 | Vaults:4 | Found a runed translucent gate.
 41892 | Vaults:4 | Noticed Xafer's ghost (adept DsGl)
 41894 | Vaults:4 | Found a runed translucent gate.
 41955 | Vaults:4 | Killed Xafer's ghost
 41974 | Vaults:4 | Identified the +0 pair of boots "Wiam" {Dex+3}
 41979 | Vaults:4 | Gained mutation: Armour fits poorly on your strangely
                  | shaped body. [mutagenic glow]
 42049 | Vaults:5 | Entered Level 5 of the Vaults
 42142 | Vaults:5 | Received a gift from Trog
 42214 | Vaults:5 | Identified the +2 leather armour of Honour {Int+2}
 42262 | Vaults:5 | Noticed a dread lich
 42280 | Vaults:5 | Killed a dread lich
 42407 | Vaults:5 | Reached XP level 22. HP: 74/217 MP: 21/21
 42656 | Vaults:5 | Received a gift from Trog
 42826 | Vaults:5 | Got a silver rune of Zot
 43046 | Vaults:5 | Noticed a dread lich
 43054 | Vaults:5 | Paralysed by a dread lich for 5 turns
 43062 | Vaults:5 | Paralysed by something for 6 turns
 43066 | Vaults:5 | Killed a dread lich
 43275 | Vaults:5 | Found the +8 frozen axe "Frostbite" {freezing cloud, *Noise
                  | Fly rC+}
 43275 | Vaults:5 | Noticed a dread lich
 43283 | Vaults:5 | Killed a dread lich
 43294 | Vaults:5 | Identified the +6 falchion of Geidih {vamp, Will+ Str+6}
 43500 | Vaults:5 | Identified the +1 scale mail of Liberty {-Cast Drain rC++
                  | Str+4}
 43549 | Vaults:5 | Noticed a golden dragon
 43558 | Vaults:5 | Killed a golden dragon
 43597 | Vaults:5 | Identified Sif Muna's Volume of Weightlessness and the
                  | Glacier
 43719 | Vaults:5 | Identified the +6 longbow "Akerche" {venom, *Slow rElec
                  | Dex+2 Stlth+}
 43739 | Vaults:5 | Identified Fegu Mailog's Incunabulum of Shape Shifting
 44023 | Vaults:5 | Noticed Sojobo
 44044 | Vaults:5 | Killed Sojobo
 44266 | Depths:1 | Entered Level 1 of the Depths
 44350 | Depths:1 | Received a gift from Trog
 44361 | Depths:1 | Paralysed by a floating eye for 4 turns
 44380 | Depths:1 | Noticed a golden dragon
 44402 | Depths:1 | Killed a golden dragon
 44544 | Depths:1 | Identified Sif Muna's Guide on Spatial Curses
 44549 | Depths:1 | Identified the +10 trident of Pain and Death {vorpal, rElec
                  | rC+ rCorr}
 44634 | Depths:1 | Paralysed by a great orb of eyes for 3 turns
 44777 | Depths:1 | Found a one-way gate to the infinite horrors of the Abyss.
 44850 | Depths:1 | Found Ystouchu's Weapon Shoppe.
 44877 | Depths:1 | Cast into level 2 of the Abyss (a wizard)
 44882 | Abyss:2  | Found a radiant altar of Vehumet.
 44977 | Abyss:2  | Reached skill level 27 in Fighting
 44977 | Abyss:2  | Reached XP level 23. HP: 207/240 MP: 22/22
 45409 | Abyss:2  | Received a gift from Trog
 46161 | Abyss:2  | Found a broken altar of Ashenzari.
 46185 | Abyss:2  | Received a gift from Trog
 46298 | Abyss:2  | Gained mutation: You are occasionally teleported next to
                  | monsters. [a neqoxec]
 46589 | Depths:1 | Escaped the Abyss
 46796 | Depths:1 | Found a gateway to Hell.
 47386 | Depths:2 | Identified the +8 hand axe "Qab Ecs" {vorpal, Str+2} (Trog
                  | gifted it to you on level 2 of the Depths)
 47386 | Depths:2 | Received a gift from Trog
 47775 | Depths:2 | Found a basalt altar of Yredelemnul.
 48240 | Depths:3 | Reached XP level 24. HP: 240/249 MP: 22/22
 48689 | Depths:3 | Found a one-way gate leading to the halls of Pandemonium.
 48767 | Depths:3 | Received a gift from Trog
 48974 | Depths:3 | Found a basalt altar of Yredelemnul.
 49281 | Depths:3 | Received a gift from Trog
 49320 | Depths:3 | You are sucked into a shaft and drop 1 floor!
 49321 | Depths:4 | Paralysed by a vampire knight for 5 turns
 49416 | Depths:4 | Identified the ring "Ylutixa" {Ice Int+2}
 49416 | Depths:4 | Paralysed by a floating eye for 3 turns
 49422 | Depths:4 | Paralysed by a floating eye for 2 turns
 49428 | Depths:4 | Paralysed by a floating eye for 2 turns
 49446 | Depths:4 | Paralysed by a floating eye for 4 turns
 49474 | Depths:4 | Identified the ring of the Madman {*Corrode EV+4 Str+5
                  | Stlth+}
 49518 | Depths:4 | Paralysed by a floating eye for 4 turns
 50079 | Depths:4 | Found a gateway to a ziggurat.
 50792 | Elf:1    | Entered Level 1 of the Elven Halls
 50982 | Elf:1    | Identified the +4 broad axe of Instant Death {vorpal,
                  | +Blink rC+ Str-4} (Trog gifted it to you on level 1 of the
                  | Elven Halls)
 50982 | Elf:1    | Received a gift from Trog
 51200 | Elf:1    | Found Leathron's Antique Armour Emporium.
 51829 | Elf:2    | Found a transporter.
 51839 | Elf:2    | Found a transporter.
 51840 | Elf:2    | Noticed Pouserri's ghost (adept GnIE)
 51841 | Elf:2    | Found a bloodstained altar of Trog.
 51856 | Elf:2    | Identified the +9 longbow of the Inferno {vorpal, Int+6
                  | Stlth-}
 51899 | Elf:2    | Found a runed translucent gate.
 51967 | Elf:2    | Received a gift from Trog
 52084 | Elf:2    | Reached XP level 25. HP: 257/257 MP: 22/22
 52135 | Elf:2    | Found a runed translucent gate.
 52135 | Elf:2    | Found a runed translucent gate.
 52488 | Elf:2    | Received a gift from Trog
 52866 | Elf:3    | Entered Level 3 of the Elven Halls
 53389 | Elf:3    | Identified the amulet "Kaulip" {Spirit Int+4}
 53606 | Elf:3    | Identified the +1 chain mail of Meuhy {rElec rC+ Stlth+}
 53624 | Elf:3    | Found the +7 Singing Sword {vorpal, sonic wave}
 54773 | Depths:5 | Entered Level 5 of the Depths
 54773 | Depths:5 | Found Lidecwum's Antique Armour Shoppe.
 54832 | Depths:4 | Lost mutation: Armour fits poorly on your strangely shaped
                  | body. [potion of mutation]
 54832 | Depths:4 | Lost mutation: You are dopey. (Int -2) [potion of mutation]
 54832 | Depths:4 | Gained mutation: You are weak. (Str -2) [potion of
                  | mutation]
 54832 | Depths:4 | Gained mutation: You are very weak. (Str -4) [potion of
                  | mutation]
 54832 | Depths:4 | Gained mutation: Your mind is acute. (Int +2) [potion of
                  | mutation]
 54832 | Depths:4 | Gained mutation: You are agile. (Dex +2) [potion of
                  | mutation]
 54833 | Depths:4 | Lost mutation: You are very weak. (Str -4) [potion of
                  | mutation]
 54833 | Depths:4 | Gained mutation: You are partially covered in iridescent
                  | scales. (AC +2) [potion of mutation]
 54833 | Depths:4 | Gained mutation: You are mostly covered in iridescent
                  | scales. (AC +4) [potion of mutation]
 54834 | Depths:4 | Lost mutation: You are agile. (Dex +2) [potion of mutation]
 54834 | Depths:4 | Lost mutation: You are mostly covered in iridescent scales.
                  | (AC +4) [potion of mutation]
 54834 | Depths:4 | Lost mutation: You are weak. (Str -2) [potion of mutation]
 54834 | Depths:4 | Gained mutation: Your muscles are strong. (Str +2) [potion
                  | of mutation]
 54834 | Depths:4 | Gained mutation: Your system is resistant to poisons.
                  | (rPois) [potion of mutation]
 54834 | Depths:4 | Gained mutation: Your movements are slightly less
                  | encumbered by armour. (ER -2) [potion of mutation]
 54835 | Depths:4 | Lost mutation: You are partially covered in iridescent
                  | scales. (AC +2) [potion of mutation]
 54835 | Depths:4 | Gained mutation: Your spells are a little easier to cast,
                  | but a little less powerful. [potion of mutation]
 54835 | Depths:4 | Gained mutation: Your mind is very acute. (Int +4) [potion
                  | of mutation]
 54835 | Depths:4 | Gained mutation: You have sharp toenails. [potion of
                  | mutation]
 54836 | Depths:4 | Lost mutation: Your system is resistant to poisons. (rPois)
                  | [potion of mutation]
 54836 | Depths:4 | Lost mutation: Your muscles are strong. (Str +2) [potion of
                  | mutation]
 54836 | Depths:4 | Gained mutation: Potions are less effective at restoring
                  | your health. [potion of mutation]
 54836 | Depths:4 | Gained mutation: You have a beak for a mouth. [potion of
                  | mutation]
 54837 | Depths:4 | Lost mutation: You are occasionally teleported next to
                  | monsters. [potion of mutation]
 54837 | Depths:4 | Lost mutation: Your spells are a little easier to cast, but
                  | a little less powerful. [potion of mutation]
 54837 | Depths:4 | Lost mutation: Potions are less effective at restoring your
                  | health. [potion of mutation]
 54837 | Depths:4 | Gained mutation: You possess an exceptional clarity of
                  | mind. [potion of mutation]
 55255 | Slime:1  | Entered Level 1 of the Pits of Slime
 55622 | Slime:2  | Lost mutation: You possess an exceptional clarity of mind.
                  | [a shining eye]
 55640 | Slime:2  | Gained mutation: Your body sometimes deteriorates upon
                  | taking damage. [a shining eye]
 55642 | Slime:2  | Gained mutation: You occasionally shout uncontrollably at
                  | your foes. [a shining eye]
 55905 | Slime:3  | Gained mutation: You frequently scream uncontrollably at
                  | your foes. [a shining eye]
 55958 | Slime:3  | Gained mutation: You are clumsy. (Dex -2) [a shining eye]
 55961 | Slime:3  | You are sucked into a shaft and drop 1 floor!
 55973 | Slime:4  | Gained mutation: You tend to lose your temper in combat. [a
                  | shining eye]
 55976 | Slime:4  | Reached skill level 27 in Axes
 56150 | Slime:5  | Entered Level 5 of the Pits of Slime
 56152 | Slime:5  | Gained mutation: Your magical capacity is low. (-10% MP) [a
                  | shining eye]
 56160 | Slime:5  | Gained mutation: You often lose your temper in combat. [a
                  | shining eye]
 56162 | Slime:5  | Lost mutation: Your mind is very acute. (Int +4) [a shining
                  | eye]
 56163 | Slime:5  | Gained mutation: You sometimes lose the ability to read
                  | scrolls when taking damage. [a shining eye]
 56179 | Slime:5  | Identified the +3 war axe "Esosukhomo" {vorpal, *Corrode
                  | +Blink rPois rN+} (Trog gifted it to you on level 5 of the
                  | Pits of Slime)
 56179 | Slime:5  | Received a gift from Trog
 56185 | Slime:5  | Noticed the Royal Jelly
 56194 | Slime:5  | Paralysed by a great orb of eyes for 2 turns
 56208 | Slime:5  | HP: 11/257 [acid blob/splash of acid[the Royal Jelly] (4)]
 56208 | Slime:5  | HP: 5/257 [acid[the Royal Jelly] (6)]
 56209 | Slime:5  | Slain by an azure jelly

Illustrated notes

Levels and vault maps discovered:
D:1:      tarquinn_simple_flora_water_e, layout_basic, serial_shops,
          nicolae_shop_crystal
D:2:      layout_loops_ring, basic_altar, ebering_ecumenical_altar_box,
          minmay_tromino_i2, uniq_crazy_yiuf_cottage, uniq_jessica
D:3:      minmay_recursive_quarters, layout_basic, lemuel_round_altar,
          minmay_increasing_density
D:4:      black_bear_nest_1, layout_basic, hangedman_ru_absence,
          nicolae_overflow_crystal_walls, temple_doors_e
D:5:      layout_basic
D:6:      layout_rooms, kennysheep_mini_moat, serial_undead, serial_undead_d,
          serial_undead_f, serial_undead_a, serial_undead_b, minivault_25,
          kennysheep_small_circle
D:7:      layout_basic
D:8:      layout_gridville, okawaru_gym_becter,
          nicolae_ossuary_entry_false_entrances
D:9:      layout_layer_cave, david_lair_generic, david_orc_3, uniq_maurice,
          uniq_prince_ribbit1
D:10:     layout_cave_pools, lemuel_tele_altar, kennysheep_cross_bottleneck
D:11:     layout_layer_cave, grunt_ministairs_7, uniq_harold
D:12:     layout_cave_pools
D:13:     layout_roguey, david_vaults_3, special_room [special_room_orc],
          grunt_decor_junction, grunt_tough_drop, uniq_sonja
D:14:     layout_roguey, hangedman_abyss_or_decor_clamps, serial_curves,
          eino_curves_01, eino_curves_01
D:15:     hangedman_depths_entry_try_elsewhere_first, layout_basic,
          minmay_shop_chei, minmay_alternating_orb, uniq_kirke, uniq_roxanne
Lair:1:   layout_long_grid, lemuel_fruit_fields
Lair:2:   layout_cave_pods, spider_nest_entry_rubble,
          hangedman_lair_unloving_vines, grunt_forest_small_clearing_treed,
          uniq_urug
Lair:3:   layout_cave_pods, minmay_swamp_entry_worms
Lair:4:   layout_cave_pods, portal_ice_cave_entry_imps, minmay_shattered_shrine
Lair:5:   layout_cave_pods, grunt_megastairs_5
Lair:6:   minmay_lair_end_enchanted_forest, layout_misc_corridors,
          minmay_slime_entry_jelly_boxes, infiniplex_staircase_pool,
          grunt_megastairs_2
Swamp:1:  layout_basic_swamp, serial_swamp_ruin, evilmike_swamp_ruin_rubble_2,
          evilmike_swamp_ruin_house_6, evilmike_swamp_ruin_house_1, swamp_pool5
Swamp:2:  layout_basic_swamp, hangedman_swamp_ruin_wall, uniq_frances
Swamp:3:  layout_basic_swamp, infiniplex_staircase_pool_2, swamp_pool1,
          nicolae_swamp_triple_paths, nicolae_swamp_round_clearing,
          nicolae_swamp_little_swirl
Swamp:4:  swamp_basic_johnstein, layout_basic_swamp
Spider:1: layout_spider_delve, nicolae_spider_webs_and_nodes
Spider:2: layout_spider_delve, uniq_azrael
Spider:3: layout_chambers, spiders_nest_ghost_moth_duel, uniq_arachne
Spider:4: grunt_spider_rune_island, hangedman_spider_tarantella_strand
Slime:1:  layout_caves
Slime:2:  layout_caves
Slime:3:  layout_caves
Slime:4:  layout_caves, cheibrodos_slime_lost_civilization_6
Slime:5
Orc:1:    layout_diamond_mine, serial_shops, nicolae_shop_statue_plus,
          ebering_ghost_reflecting_pool, elf_legates
Orc:2:    grunt_orc_community_town_hall, layout_diamond_mine,
          grunt_orc_community_big_house_1, grunt_orc_community_big_house_1,
          grunt_orc_community_house_2, grunt_orc_community_house_1,
          grunt_orc_community_house_1, grunt_orc_community_house_3,
          grunt_orc_community_house_2, grunt_orc_community_house_3, basic_altar,
          gammafunk_ghost_smash, uniq_jorgrun
Elf:1:    minmay_elf_arrival_circle, layout_geoelf_grid, serial_shops, shop,
          minmay_elf_crystal_hexagon, corner_web_ring, drop_trap
Elf:2:    layout_onion_city, gammafunk_ghost_wrathful_warriors,
          roderic_roman_lattice, st_stairs_14, drop_trap, lemuel_elevator
Elf:3:    elf_hall_gauntlet_narrow, layout_loops_cross
Vaults:1: nicolae_vaults_circle_grid_a, v_misc_15, vaults_room_octagon,
          grunt_vaults_hallway_short, nicolae_vaults_mini_display_case,
          hangedman_vaults_hat, vaults_room_glass_cross, ontoclasm_vaults_pinch,
          hangedman_vaults_snaps, vaults_dpeg_cross, vaults_dpeg_encased_lava,
          v_misc_14, nicolae_vaults_theta, layout_vaults_big_cross
Vaults:2: v_misc_22, v_pattern_5, ontoclasm_vaults_chip, vaults_room_door_ring,
          v_misc_16, hangedman_vaults_slice, st_hourglassy,
          vaults_dpeg_diagonal, hangedman_vaults_river_flow, v_misc_22,
          ontoclasm_vaults_hangar, nicolae_vaults_little_squares_6,
          layout_vaults_maze_snakey, nicolae_trove_entry_crossroad,
          uniq_margery, uniq_donald
Vaults:3: v_misc_19, nicolae_vaults_little_squares_4,
          minmay_crypt_entry_necro_gods, vaults_room_semicircle,
          nicolae_vaults_what_the_h, hangedman_vaults_impose,
          nicolae_vaults_diagonal_hallway_8, vaults_dpeg_doors,
          layout_vaults_omnigrid
Vaults:4: ploomutoo_gammafunk_vaults_ghost_potion_laboratory, v_misc_26,
          grunt_vaults_bifocal, hangedman_vaults_unwind, v_rooms_6,
          hangedman_vaults_slice, v_rooms_3, hangedman_vaults_slice,
          serial_ice_b, vaults_room_pool, layout_vaults_chaotic_city,
          serial_shops, nicolae_shop_crystal, uniq_jory
Vaults:5: serial_shops, uniq_sojobo
Depths:1: layout_roguey, hangedman_geh_valley, serial_shops, shop_fountains,
          abyss_entry, minmay_misc_feat_rows,
          minmay_the_grid_square_5x5_3x3_mashed
          [minmay_the_grid_square_5x5_fat_x,
          minmay_the_grid_square_5x5_moneybag,
          minmay_the_grid_square_5x5_two_walls_b,
          minmay_the_grid_square_5x5_inner_v,
          minmay_the_grid_square_5x5_megaprize_diamond,
          minmay_the_grid_square_5x5_six_small,
          minmay_the_grid_square_5x5_misaligned,
          minmay_the_grid_square_5x5_hourglass,
          minmay_the_grid_square_5x5_forky], grunt_megastairs_1
Depths:2: lemuel_vampire_tower, layout_cross, hell_entry,
          kennysheep_big_empty_room
Depths:3: minmay_skeleton_keep, layout_basic, grunt_pan_entry_sceptre,
          serial_bayou_lagoon_a, hellmouth_1, lemuel_zombie_altar_yredelemnul,
          minmay_staircase_windowed_large
Depths:4: nzn_winding_woodlands_stair_trap
          [nzn_winding_woodlands_5x15_lazy_stream,
          nzn_winding_woodlands_5x15_split_checker,
          nzn_winding_woodlands_5x15_longhouse,
          nzn_winding_woodlands_15x15_five_gardens,
          nzn_winding_woodlands_5x15_jagged, nzn_winding_woodlands_5x15_garden,
          nzn_winding_woodlands_5x15_zeroes], layout_gridlike, enter_ziggurat_c,
          minmay_staircase_bubble, hell_entry, abyss_entry
Depths:5: grunt_zot_entry_alcove, layout_small_grid, hell_entry,
          minmay_misc_feat_diagonals, serial_shops, shop,
          hangedman_stitches_earthworm

Skill      XL: |  1  2  3  4  5  6  7  8  9 10 11 12 13 14 15 16 17 18 19 20 21 22 23 24 25 |
---------------+----------------------------------------------------------------------------+-----
Fighting       | 4 5 7 8 9 11 13 14 16 17 19 20 22 23 24 25 27 | 27.0
Axes           | 4 5 6 7 8 10 11 13 14 16 17 19 20 21 22 23 24 26 27 | 27.0
Armour         | 3 4 5 7 9 10 12 13 15 16 17 18 20 21 22 23 24 25 26 | 26.2
Shields        | 2 3 5 7 8 9 10 11 13 14 15 16 17 19 21 22 | 22.6
Dodging        | 3 4 5 6 7 |  7.2
Stealth        | 1 2 3 |  3.1
Evocations     | |  0.7

Action                   |  1- 3 |  4- 6 |  7- 9 | 10-12 | 13-15 | 16-18 | 19-21 | 22-24 | 25-27 || total
-------------------------+-------+-------+-------+-------+-------+-------+-------+-------+-------++-------
Melee: Hand axe          |    78 |   113 |       |       |       |       |       |       |       ||   191
       Headbutt          |    11 |    28 |    77 |    76 |   194 |   340 |   386 |   593 |   126 ||  1831
       War axe           |       |    46 |   300 |   169 |       |       |       |       |       ||   515
       Battleaxe         |       |       |       |   185 |   794 |       |       |       |       ||   979
       Broad axe         |       |       |       |       |   154 |  1055 |  1078 |  1659 |   408 ||  4354
       Peck              |       |       |       |       |       |       |       |       |    58 ||    58
Invok: Berserk           |     1 |     6 |     6 |    17 |    19 |    14 |     6 |     8 |     1 ||    78
       Brothers in Arms  |       |       |       |     3 |     8 |     2 |     1 |     2 |     1 ||    17
       Trog's Hand       |       |       |       |     2 |     4 |       |       |     1 |       ||     7
Evoke: Wand              |       |       |       |     3 |     5 |       |       |       |       ||     8
  Use: Scroll            |       |    10 |     5 |     2 |     5 |    11 |     1 |       |     1 ||    35
       Potion            |       |       |       |       |     5 |     1 |     1 |     3 |    11 ||    21
 Stab: Distracted        |       |       |     1 |       |     1 |     1 |       |     1 |     1 ||     5
Armor: Animal skin       |     7 |       |       |       |       |       |       |       |       ||     7
       Chain mail        |    44 |    89 |   140 |       |       |       |       |       |       ||   273
       Plate armour      |       |       |    24 |   239 |   526 |   806 |   404 |   474 |   111 ||  2584
Dodge: Dodged            |    19 |    30 |    93 |   176 |   452 |   458 |   501 |   666 |   175 ||  2570
       Repelled          |       |       |       |       |       |       |     7 |    38 |    17 ||    62
Block: Tower shield      |    31 |   136 |   291 |   155 |       |       |       |       |   172 ||   785
       Other             |       |       |       |       |   123 |   125 |       |       |       ||   248
       Reflection        |       |       |       |       |     2 |     3 |     7 |       |       ||    12
       Kite shield       |       |       |       |       |       |   473 |   749 |  1006 |   146 ||  2374

Table legend: (Time is in decaauts)
 A = Elapsed time spent in this place.
 B = Non-inter-level travel time spent in this place.
 C = Inter-level travel time spent in this place.
 D = Time resting spent in this place.
 E = Time spent auto-exploring this place.
 F = Levels seen in this place.
 G = Mean time per level.
                   A        B        C        D        E       F      G
               +--------+--------+--------+--------+--------+-----+--------+
         Total |  58388 |  53036 |   5352 |   3525 |  38422 |  54 | 1081.3 |
       Dungeon |  17949 |  15881 |   2068 |   1013 |  11864 |  15 | 1196.6 |
          Lair |   8703 |   7838 |    865 |    503 |   6525 |   6 | 1450.5 |
         Swamp |   3943 |   3681 |    262 |    855 |   2156 |   4 |  985.8 |
   Spider Nest |   3897 |   3548 |    349 |     60 |   2735 |   4 |  974.2 |
    Slime Pits |    985 |    955 |     30 |      0 |    706 |   5 |  197.0 |
  Orcish Mines |   2903 |   2589 |    314 |      0 |   1952 |   2 | 1451.5 |
   Elven Halls |   3558 |   3102 |    456 |    108 |   2262 |   3 | 1186.0 |
        Vaults |   7640 |   7239 |    401 |    497 |   5098 |   5 | 1528.0 |
        Depths |   5136 |   4532 |    604 |     99 |   3194 |   5 | 1027.2 |
         Abyss |   2318 |   2318 |      0 |      0 |   1287 |   3 |  772.7 |
       Ossuary |    368 |    368 |      0 |      0 |    254 |   1 |  368.0 |
      Ice Cave |    984 |    984 |      0 |    389 |    384 |   1 |  984.0 |
               +--------+--------+--------+--------+--------+-----+--------+

Top non-repeatable levels by time:
     D:9: 2506 daAuts
 Abyss:2: 2318 daAuts
Vaults:4: 2164 daAuts
  Lair:5: 1917 daAuts
 Swamp:3: 1796 daAuts
Vaults:5: 1761 daAuts
  Lair:6: 1744 daAuts
    D:11: 1740 daAuts
Spider:3: 1692 daAuts
   Orc:2: 1658 daAuts
     D:4: 1650 daAuts
  Lair:4: 1625 daAuts
Depths:3: 1354 daAuts
Vaults:1: 1335 daAuts
Depths:4: 1333 daAuts
